AoeStats
← Corsica

Arena

510471913Analyzed
4v4 RM · 16h ago on Oct 1, 2026· 58m 37s· 8 players
Game mode
Random Map
Map size
Large (8 player)
Population
200
Speed
Normal
Resources
Standard
Victory
Conquest
Starting age
Dark Age
Ending age
Imperial Age
RankedLock teamsTeams togetherTeam positionsShared explorationLock speedFull tech treeHidden civsTurbo modeCheats
Victory
Defeat
🇳🇿 Danes · New Zealand
1542
+11
🇦🇺 Varangians · Australia
1539
+11
1519
+12
🇨🇦 Saracens · Canada
1368
+18
🇨🇳 Teutons · China
1440
-14
1427
-13
🇨🇳 Khmer · China
1424
-13
🇨🇳 Cumans · China
1405
-12
あおぞら ひかり
10:29 Feudal Age
14:44 Castle Age
12:42 Double-Bit Axe
12:59 Horse Collar
17:50 Bow Saw
20:54 Wheelbarrow
20:06 Loom
20:10 Town Watch
20:40 Gold Mining
25:12 Fletching
25:50 Bodkin Arrow
30:10 Imperial Age
27:59 Padded Archer Armor
28:21 Ballistics
28:58 Bloodlines
28:49 Husbandry
30:53 Bracer
30:14 Elite Mangudai
31:17 Conscription
31:58 Leather Archer Armor
32:44 Chemistry
34:22 Parthian Tactics
34:03 Thumb Ring
35:24 Light Cavalry
36:10 Scale Barding Armor
36:16 Forging
36:23 Hussar
37:25 Chain Barding Armor
39:34 Iron Casting
41:27 Blast Furnace
47:27 Coinage
53:00 Capped Ram
54:43 Caravan
missed and miss
10:34 Feudal Age
13:30 Castle Age
11:56 Double-Bit Axe
12:30 Horse Collar
23:22 Wheelbarrow
26:18 Hand Cart
25:48 Loom
30:08 Imperial Age
28:24 Ballistics
29:15 Gold Mining
29:16 Stone Mining
29:37 Bow Saw
29:28 Heavy Plow
31:15 Conscription
32:02 Chemistry
30:55 Heavy Scorpion
30:57 Capped Ram
32:13 Husbandry
32:23 Bloodlines
31:34 Light Cavalry
34:27 Siege Engineers
35:40 Hussar
36:27 Scale Barding Armor
37:49 Murder Holes
38:44 Double Crossbow
39:44 Chain Barding Armor
40:19 Coinage
42:00 Hoardings
43:57 Plate Barding Armor
43:32 Forging
46:42 Banking
46:12 Caravan
47:06 Crop Rotation
47:11 Gold Shaft Mining
47:12 Stone Shaft Mining
47:05 Pikeman
48:07 Scale Mail Armor
48:42 Iron Casting
49:04 Halberdier
50:24 Chain Mail Armor
51:48 Blast Furnace
51:04 Arson
52:29 Siege Ram
53:11 Fletching
人生😈百态
9:38 Feudal Age
10:13 Double-Bit Axe
19:27 Wheelbarrow
24:29 Castle Age
23:42 Bloodlines
24:18 Scale Barding Armor
25:10 Forging
25:36 Bow Saw
32:37 Horse Collar
35:36 Chain Barding Armor
41:04 Imperial Age
38:20 Loom
40:15 Fletching
41:39 Bodkin Arrow
42:41 Iron Casting
46:36 Imperial Age
45:28 Stone Mining
45:29 Gold Mining
46:21 Heavy Plow
47:39 Conscription
48:05 Hand Cart
48:11 Hand Cart
49:08 Padded Archer Armor
48:48 Light Cavalry
51:26 Chemistry
50:47 Ballistics
50:48 Leather Archer Armor
51:09 Plate Barding Armor
52:35 Ring Archer Armor
52:41 Iron Casting
52:37 Hussar
56:12 Blast Furnace
972770991
8:59 Feudal Age
7:43 Loom
16:33 Double-Bit Axe
21:48 Town Watch
25:38 Castle Age
24:12 Horse Collar
24:25 Gold Mining
27:31 Wheelbarrow
31:02 Scale Mail Armor
31:12 Forging
40:24 Imperial Age
38:12 Heavy Plow
38:34 Chain Mail Armor
39:06 Squires
40:12 Iron Casting
40:20 Stone Mining
42:11 Blast Furnace
41:12 Elite Teutonic Knight
42:43 Plate Mail Armor
45:56 Conscription
46:11 Scale Barding Armor
47:45 Crenellations
47:57 Chain Barding Armor
47:28 Cavalier
48:18 Bloodlines
49:15 Plate Barding Armor
49:55 Stone Shaft Mining
50:24 Paladin
51:05 Fletching
55:06 Hand Cart
ImprovingYeti
1:41 Loom
10:40 Feudal Age
11:34 Loom
14:44 Castle Age
25:43 Forging
25:27 Arson
26:06 Scale Mail Armor
28:51 Iron Casting
29:49 Chain Mail Armor
33:35 Imperial Age
32:06 Wheelbarrow
33:39 Wheelbarrow
34:03 Double-Bit Axe
33:47 Elite Jomsviking
35:44 Blast Furnace
35:15 Plate Mail Armor
37:25 Bow Saw
36:56 Horse Collar
37:07 Gold Mining
37:07 Stone Mining
37:55 Hand Cart
37:10 Hamask
39:05 Conscription
39:31 Fletching
44:17 Hoardings
45:01 Bodkin Arrow
48:09 Gold Shaft Mining
47:02 Heavy Scorpion
49:48 Chemistry
49:08 Ballistics
50:39 Capped Ram
51:49 Siege Engineers
51:50 Siege Ram
53:57 Stone Shaft Mining
54:19 Coinage
54:34 Caravan
55:38 Squires
Jeremy V
10:17 Feudal Age
15:14 Castle Age
13:25 Double-Bit Axe
15:54 Scale Barding Armor
17:03 Forging
18:41 Chain Barding Armor
20:44 Horse Collar
21:40 Bow Saw
21:45 Heavy Plow
22:01 Husbandry
24:23 Wheelbarrow
23:51 Gold Mining
27:29 Hand Cart
29:19 Stone Mining
32:42 Stone Shaft Mining
35:04 Imperial Age
33:45 Iron Casting
36:50 Blast Furnace
36:20 Conscription
37:16 Plate Barding Armor
36:05 Elite Jarl
36:55 Loom
47:14 Fletching
Corsica
10:32 Feudal Age
14:06 Castle Age
12:29 Double-Bit Axe
12:25 Horse Collar
14:58 Bow Saw
14:51 Heavy Plow
15:02 Man-at-Arms
16:35 Long Swordsman
20:53 Wheelbarrow
20:39 Squires
20:44 Scale Mail Armor
21:46 Chain Mail Armor
22:24 Gambesons
22:55 Loom
23:51 Forging
29:55 Scale Barding Armor
30:26 Iron Casting
31:06 Chain Barding Armor
30:30 Light Cavalry
31:34 Bloodlines
31:44 Husbandry
33:14 Town Watch
40:39 Imperial Age
38:16 Gold Mining
38:17 Stone Mining
41:55 Plate Barding Armor
40:48 Heavy Camel Rider
42:48 Gold Shaft Mining
42:25 Capped Ram
49:35 Hand Cart
52:09 Two-Handed Swordsman
54:07 Plate Mail Armor
54:03 Arson
56:18 Fletching
57:30 Blast Furnace
58:44 Two-Man Saw
瓦兰吉程咬金三板斧
9:56 Feudal Age
13:46 Castle Age
12:22 Double-Bit Axe
12:19 Horse Collar
14:50 Bow Saw
21:28 Wheelbarrow
22:08 Heavy Plow
28:02 Imperial Age
25:24 Fletching
25:33 Gold Mining
25:39 Stone Mining
26:27 Ballistics
26:05 Bodkin Arrow
27:26 Gold Shaft Mining
27:28 Stone Shaft Mining
27:40 Hand Cart
27:26 Padded Archer Armor
27:48 Thumb Ring
28:08 Bloodlines
28:47 Leather Archer Armor
29:09 Conscription
28:54 Bracer
30:31 Chemistry
30:05 Elite Mangudai
31:23 Husbandry
31:54 Leather Archer Armor
31:51 Masonry
33:06 Hoardings
32:58 Loom
32:59 Town Watch
34:36 Parthian Tactics
35:03 Scale Barding Armor
35:09 Forging
34:20 Light Cavalry
35:11 Hussar
36:23 Chain Barding Armor
37:45 Drill
39:39 Iron Casting
40:51 Drill
42:46 Siege Engineers
45:20 Fortified Wall
45:15 Caravan
45:14 Onager
46:21 Drill
49:04 Drill
54:13 Elite Skirmisher
57:15 Capped Ram
58:28 Siege Onager
Connection lost

Rejoining the realm…

Still unreachable

The connection could not be restored.

Session expired

The server has moved on; the page needs a fresh start.